 Dungeon Crawl Stone Soup version 0.17.1-1-g73c8601 (webtiles) character file.

283 Peloso the Covered (level 6, -9/53 HPs)
             Began as a Minotaur Fighter on Dec 25, 2015.
             Mangled by Menkaure (14 damage)
             ... on level 4 of the Dungeon.
             The game lasted 00:05:44 (2643 turns).

Peloso the Covered (Minotaur Fighter)               Turns: 2643, Time: 00:05:44

Health: -9/53      AC: 11    Str: 21    XL:     6   Next: 7%
Magic:  5/5        EV:  6    Int:  5    God:
Gold:   121        SH:  9    Dex: 11    Spells: 0 memorised, 5 levels left

rFire  . . .     SeeInvis .     a - +0 long sword
rCold  . . .     Clarity  .     v - +0 chain mail (curse)
rNeg   . . .     SustAt   .     c - +0 shield
rPois  .         Gourm    .     (helmet restricted)
rElec  .         Spirit   .     B - +0 cloak (curse)
rCorr  .         Warding  .     (no gloves)
rMut   .         Stasis   +     (no boots)
MR     .....                    x - amulet of stasis
Stlth  ..........               (no ring)
                                p - ring of flight

@: drained, not resistant to hostile enchantments, extremely unstealthy
A: retaliatory headbutt, horns 2
a: Evoke Flight


You were on level 4 of the Dungeon.
You were not hungry.

You visited 1 branch of the dungeon, and saw 4 of its levels.

You collected 121 gold pieces.

Inventory:

Hand Weapons
 a - a +0 long sword (weapon)
Armour
 b - a +0 scale mail
 c - a +0 shield (worn)
 v - a cursed +0 chain mail (worn)
 B - a cursed +0 cloak (worn)
Jewellery
 p - a ring of flight (left hand)
 x - an amulet of stasis (around neck)
Wands
 t - a wand of polymorph (12)
 y - a wand of polymorph (17)
Scrolls
 g - 2 scrolls of enchant armour {unknown}
 h - 2 scrolls of teleportation {unknown}
 j - a scroll of blinking {unknown}
 k - 2 scrolls of identify {unknown}
 m - 2 scrolls of amnesia {unknown}
 n - a scroll of fog {unknown}
 o - 2 scrolls of remove curse {unknown}
 s - a scroll of immolation {unknown}
Potions
 d - a potion of might
 i - a potion of lignification {unknown}
 q - a potion of flight {unknown}
 r - a potion of heal wounds {unknown}
 u - a potion of poison {unknown}
 z - a potion of curing {unknown}
 A - a potion of resistance {unknown}
Comestibles
 e - 2 bread rations
 f - a slice of pizza
 l - 2 meat rations


   Skills:
 + Level 4.6(4.1) Fighting
 + Level 3.7(3.3) Long Blades
 + Level 5.3(4.9) Armour
 + Level 2.5(2.0) Dodging
 + Level 0.3(0.0) Stealth
 + Level 4.8(4.4) Shields


You had 5 spell levels left.
You didn't know any spells.

Dungeon Overview and Level Annotations

Branches:
Dungeon (4/15)
 Temple: D:4-7

Altars:
Elyvilon
Kikubaaqudgha
Yredelemnul
The Shining One

Annotations:
D:4 Menkaure


Innate Abilities, Weirdness & Mutations

You reflexively headbutt those who attack you in melee.
You have a pair of horns on your head.


Message History

You barely miss Menkaure.
Menkaure calls on the powers of darkness!
Your body is wracked with pain!
You block Menkaure's attack.
You hit Menkaure. Your headbutt misses Menkaure.
Menkaure is lightly damaged.
Menkaure hits you!
* * * LOW HITPOINT WARNING * * *
You closely miss Menkaure. You headbutt Menkaure.
Menkaure is moderately damaged.
Menkaure hits you!
* * * LOW HITPOINT WARNING * * *
You slash Menkaure!
Menkaure is heavily damaged.
Menkaure gestures at you while chanting.
You barely resist. You hit Menkaure.
Menkaure is severely damaged.
Menkaure rustles drily.
Menkaure hits you!
You die...

# #.
#.#########
#...M......
#@# #
#.######..#
#.##......#
#.##.###.##
#....(....#
#####.##..#
#.........#
#.###...#.#
#.#
#.......


You could see Menkaure.

Vanquished Creatures
  The ghost of antares the Magician, an amateur DEWz of Vehumet (D:3)
  Crazy Yiuf (D:3)
  Terence (D:3)
  Natasha (D:2)
  3 adders
  2 oozes (D:3)
  A worm (D:2)
  2 giant geckos (D:1)
  4 orcs (D:3)
  A ball python (D:1)
  4 bats
  10 goblins
  6 hobgoblins
  6 jackals
  4 giant cockroaches
  7 kobolds
  2 rats
56 creatures vanquished.

Notes
Turn   | Place    | Note
--------------------------------------------------------------
     0 | D:1      | Peloso the Minotaur Fighter began the quest for the Orb.
     0 | D:1      | Reached XP level 1. HP: 19/19 MP: 0/0
   237 | D:1      | Reached XP level 2. HP: 21/27 MP: 1/1
   359 | D:1      | Reached skill level 4 in Armour
   926 | D:2      | Noticed Natasha
   973 | D:2      | Found a glowing golden altar of the Shining One.
   985 | D:2      | Reached XP level 3. HP: 33/33 MP: 2/2
  1001 | D:2      | Found a basalt altar of Yredelemnul.
  1001 | D:2      | Found a white marble altar of Elyvilon.
  1005 | D:2      | Found an ancient bone altar of Kikubaaqudgha.
  1504 | D:2      | Reached skill level 1 in Dodging
  1801 | D:2      | Killed Natasha
  1801 | D:2      | Reached XP level 4. HP: 38/40 MP: 3/3
  1889 | D:3      | Noticed Terence
  1905 | D:3      | Killed Terence
  2128 | D:3      | Noticed antares's ghost (amateur DEWz)
  2145 | D:3      | Killed antares's ghost
  2145 | D:3      | Reached skill level 5 in Armour
  2145 | D:3      | Reached XP level 5. HP: 29/47 MP: 4/4
  2567 | D:3      | Noticed Crazy Yiuf
  2575 | D:3      | Killed Crazy Yiuf
  2575 | D:3      | Reached XP level 6. HP: 46/53 MP: 5/5
  2632 | D:4      | Noticed Menkaure
  2643 | D:4      | Mangled by Menkaure

Action                   |  1- 3 |  4- 6 || total
-------------------------+-------+-------++-------
Melee: Long sword        |    90 |    60 ||   150
       Unarmed           |       |     8 ||     8
  Eat: Chunk             |     3 |     3 ||     6
